 Dungeon Crawl Stone Soup version 0.24-a0-479-g9a978d2894 (webtiles) character file.

Game seed: 1445838722991707316

47 Mithandil the Conjurer (level 3, 0/19 HPs)
             Began as a Deep Elf Conjurer on July 6, 2019.
             Slain by a gnoll
             ... wielding a +0 flail
              (5 damage)
             ... on level 3 of the Dungeon.
             The game lasted 00:06:36 (1195 turns).

Mithandil the Conjurer (Deep Elf Conjurer)          Turns: 1195, Time: 00:06:37

Health: 0/19       AC:  3    Str:  5    XL:     3   Next: 48%
Magic:  0/10       EV: 13    Int: 20    God:
Gold:   63         SH:  0    Dex: 15    Spells: 6/9 levels left

rFire    . . .     SeeInvis +   a - +0 dagger (curse)
rCold    . . .     Gourm    .   (no shield)
rNeg     . . .     Faith    .   d - +1 robe
rPois    .         Spirit   .   (no helmet)
rElec    .         Reflect  .   (no cloak)
rCorr    .         Harm     .   (no gloves)
MR       .....                  (no boots)
Stlth    ++........             (no amulet)
HPRegen  0.06/turn              f - ring of see invisible
MPRegen  0.12/turn              (no ring)

@: very slightly contaminated
A: no striking features
a: no special abilities


You were on level 3 of the Dungeon.
You were not hungry.

You visited 1 branch of the dungeon, and saw 3 of its levels.

You collected 63 gold pieces.

Inventory:

Hand Weapons
 a - a cursed +0 dagger (weapon)
 k - a +0 dagger of electrocution
Missiles
 b - 54 stones (quivered)
Armour
 d - a +1 robe (worn)
Jewellery
 f - a ring of see invisible (left hand)
Scrolls
 j - a scroll of random uselessness {unknown}
Potions
 e - a potion of curing {unknown}
 g - a potion of cancellation {unknown}
 h - a potion of resistance {unknown}
 i - a potion of invisibility {unknown}
Comestibles
 c - a ration


   Skills:
 + Level 0.6 Short Blades
 + Level 2.9 Dodging
 + Level 2.9 Stealth
 * Level 3.8 Spellcasting
 * Level 4.9 Conjurations


You had 6 spell levels left.
You knew the following spells:

 Your Spells              Type           Power        Failure   Level  Hunger
a - Magic Dart            Conj           ###.         1%          1    None
b - Searing Ray           Conj           ###...       2%          2    ##.....

Your spell library contained the following spells:

 Spells                   Type           Power        Failure   Level  Hunger
 Dazzling Spray           Conj/Hex       ##....       14%         3    ###....
 Iskenderun's Mystic Bla  Conj           ###.....     17%         4    ####...
 Force Lance              Conj/Tloc      ##......     43%         4    ####...
 Fulminant Prism          Conj/Hex       ##........   43%         4    ####...


Dungeon Overview and Level Annotations

Branches:
Dungeon (3/15)

Altars:


Message History

Casting: Magic Dart (safe; 1% risk of failure)
Confirm with . or Enter, or press ? or * to list all spells.
Aiming: Magic Dart (safe; 1% risk of failure)
Press: ? - help, Shift-Dir - straight line, f/p - gnoll
Aim: a gnoll, wielding a +0 club (lightly wounded)
The magic dart hits the gnoll but does no damage.
The gnoll is lightly wounded.
You hear the slow rusting of a very distant drain.
Casting: Magic Dart (safe; 1% risk of failure)
Confirm with . or Enter, or press ? or * to list all spells.
Aiming: Magic Dart (safe; 1% risk of failure)
Press: ? - help, Shift-Dir - straight line, f/p - gnoll
Aim: a gnoll, wielding a +0 club (lightly wounded)
You miscast Magic Dart.
You are very lightly contaminated with residual magic.
Your hair stands on end.
The gnoll barely misses you. The gnoll closely misses you.
The gnoll hits you but does no damage. The gnoll hits you with a +0 flail.
You die...

#.# ## ##
###.###### ... .
..#.##...#
....#.#.#.##...#
###...#.#.##...#
#.......#.##...#
.#...#<#.#....####
.......†)..g......+
#.#.......@g#'#####
#.....#.#.###)#
......#.#.. ..
#####.#.#### .#. #
#.# .#.# #.# .# #
.. ..


You could see 2 gnolls.

Vanquished Creatures
  A gnoll (D:3)
  A dart slug (D:1)
  2 leopard geckos (D:1)
  2 giant cockroaches
  3 goblins (D:1)
  6 hobgoblins
  3 jackals (D:1)
  4 bats
  5 kobolds (D:1)
  5 rats
32 creatures vanquished.

Notes
Turn   | Place    | Note
-------+----------+-------------------------------------------
     0 | D:1      | Mithandil the Deep Elf Conjurer began the quest for the
                  | Orb.
     0 | D:1      | Reached XP level 1. HP: 10/10 MP: 6/6
   260 | D:1      | Reached XP level 2. HP: 15/15 MP: 4/8
   264 | D:1      | Learned a level 2 spell: Searing Ray
   734 | D:1      | Reached XP level 3. HP: 19/19 MP: 7/10
  1195 | D:3      | Slain by a gnoll

Levels and vault maps discovered:
D:1:      moated_graveyard_arrival, layout_basic, minmay_crystal_room,
          minmay_stone_trees_medium, grunt_decor_mini_mirrors
D:2:      layout_loops_corners, minmay_puff
D:3:      layout_basic, gup_sewer_entry_bowl, nrook_loot_triangle

Action                   || total
-------------------------++-------
 Cast: Magic Dart        ||    73
  Use: Scroll            ||     2
  Eat: Ration            ||     1
Armor: Robe              ||     3
Dodge: Dodged            ||    21

Table legend:
 A = Non-vault XP
 B = Vault XP
 C = Vault XP percentage of total XP
 D = Non-vault monster count
 E = Vault monster count
 F = Vault count percentage of total count
                 A         B        C        D         E       F
            +---------+---------+-------+---------+---------+-------
      Total |      68 |       0 |   0.0 |      32 |       0 |   0.0
            +---------+---------+-------+---------+---------+-------
        D:1 |      44 |       0 |   0.0 |      25 |       0 |   0.0
        D:2 |       6 |       0 |   0.0 |       4 |       0 |   0.0
        D:3 |      18 |       0 |   0.0 |       3 |       0 |   0.0
            +---------+---------+-------+---------+---------+-------
